 Dungeon Crawl Stone Soup version 0.25.0-11-g1f837a76a1 (console) character file.

Game seed: 702953467833076249

50 bli the Firebug (level 3, 0/19 HPs)
             Began as a Tengu Fire Elementalist on June 25, 2020.
             Slain by a worm (10 damage)
             ... on level 2 of the Dungeon.
             The game lasted 00:06:41 (2159 turns).

bli the Firebug (Tengu Fire Elementalist)           Turns: 2159, Time: 00:06:41

Health: 0/19       AC:  2    Str:  8    XL:     3   Next: 79%
Magic:  7/7        EV: 13    Int: 15    God:
Gold:   101        SH:  0    Dex: 15    Spells: 6/7 levels left

rFire    x . .     SeeInvis .   a - +0 hand axe
rCold    + . .     Gourm    .   (no shield)
rNeg     . . .     Faith    .   h - +0 robe
rPois    .         Spirit   .   (helmet restricted)
rElec    .         Reflect  .   n - scarf {repulsion}
rCorr    .         Harm     .   (no gloves)
MR       .....     Rnd*Tele +   (boots unavailable)
Stlth    ++........             (no amulet)
HPRegen  0.06/turn              k - ring of ice
MPRegen  0.10/turn              i - ring of teleportation (curse)

@: repel missiles
A: beak, talons 3
a: no special abilities


You were on level 2 of the Dungeon.
You were not hungry.

You visited 1 branch of the dungeon, and saw 2 of its levels.

You collected 101 gold pieces.

Inventory:

Hand Weapons
 a - a +0 hand axe (weapon)
Missiles
 e - 14 poisoned darts (quivered)
Armour
 h - a +0 robe (worn)
 j - a +0 cloak
 n - a scarf of repulsion (worn)
Jewellery
 i - a cursed ring of teleportation (right hand)
 k - a ring of ice (left hand)
Wands
 p - a wand of flame (12)
Scrolls
 b - a scroll of immolation {unknown}
 f - 2 scrolls of identify {unknown}
 g - a scroll of fog {unknown}
 m - 2 scrolls of enchant armour {unknown}
 q - a scroll of remove curse {unknown}
Potions
 l - a potion of curing {unknown}
 o - 2 potions of heal wounds {unknown}
Comestibles
 c - 3 rations
 d - a chunk of flesh


   Skills:
 + Level 0.1 Axes
 + Level 2.4 Dodging
 - Level 2.0 Stealth
 + Level 0.2 Unarmed Combat
 * Level 2.6 Spellcasting
 + Level 1.7 Conjurations
 + Level 4.2 Fire Magic


You had 6 spell levels left.
You knew the following spells:

 Your Spells              Type           Power        Failure   Level  Hunger
a - Foxfire               Conj/Fire      ##..         6%          1    #......

Your spell library contained the following spells:

 Spells                   Type           Power        Failure   Level  Hunger
 Conjure Flame            Conj/Fire      ##......     19%         3    ###....
 Inner Flame              Hex/Fire       #.......     26%         3    ###....
 Sticky Flame             Conj/Fire      ##......     52%         4    #####..
 Fireball                 Conj/Fire      ##........   86%         5    ######.


Dungeon Overview and Level Annotations

Branches:
Dungeon (2/15)

Altars:
Gozag


Innate Abilities, Weirdness & Mutations

You have a beak for a mouth.
You have claws for feet.


Message History

d - 3 chunks of flesh (gained 1)
You see here a rat skeleton.
Magic restored.
Some of the chunks of flesh in your inventory have rotted away.
Some of the chunks of flesh in your inventory have rotted away.
HP restored.
q - a scroll labeled DAPIOM MYNAMM
Found a stone staircase leading up.
The worm is too close now for your liking.
You see here 7 gold pieces.
You hit the worm but do no damage. You claw the worm.
The worm is lightly wounded.
You hit the worm. You peck the worm, but do no damage.
The worm is moderately wounded.
The worm bites you!
You hit the worm.
The worm is moderately wounded.
The worm bites you!
Ouch! That really hurt!
You die...

....#..<#.# ...#.#.#.#
#........ #..#.#.# # ..
#..#...#.#
....###......#.#
........$......#
....###.####.###
#.....#.# ##.###
#.......# #....#########
#.....#@####.#.##.......
#.....#w##.._.รท##.......
#.##....##.#.#.##.......
. +...>................
#....#......##.......
............##.......
#######......#########
#......# # #......# #
######## # #


You could see a worm.

Vanquished Creatures
  An adder (D:2)
  2 dart slugs (D:1)
  A leopard gecko (D:1)
  6 bats
  6 giant cockroaches
  2 hobgoblins (D:1)
  2 jackals (D:1)
  2 kobolds (D:2)
  A quokka (D:2)
  2 frilled lizards
  3 goblins (D:1)
  6 rats
34 creatures vanquished.

Vanquished Creatures (collateral kills)
  A kobold (D:1)
1 creature vanquished.

Vanquished Creatures (others)
  52 foxfires
52 creatures vanquished.

Grand Total: 87 creatures vanquished

Notes
Turn   | Place    | Note
-------+----------+-------------------------------------------
     0 | D:1      | bli the Tengu Fire Elementalist began the quest for the
                  | Orb.
     0 | D:1      | Reached XP level 1. HP: 10/10 MP: 4/4
   209 | D:1      | Reached XP level 2. HP: 15/15 MP: 3/6
   450 | D:1      | Reached skill level 4 in Fire Magic
   944 | D:1      | Reached XP level 3. HP: 16/19 MP: 5/7
  1967 | D:2      | Found an opulent altar of Gozag.
  2159 | D:2      | Slain by a worm

Illustrated notes

Levels and vault maps discovered:
D:1:      dpeg_arrival_stone_temple_mockup, layout_loops_ring
D:2:      layout_basic, lemuel_crystal_altar, first_ration

Skill      XL: |  1  2 |
---------------+-------+-----
Fire Magic     | 4 |  4.2
Axes           | |  0.1
Dodging        | |  2.4
Stealth        | |  2.0
Unarmed Combat | |  0.2
Spellcasting   | |  2.6
Conjurations   | |  1.7

Action                   || total
-------------------------++-------
Melee: Unarmed           ||    36
       Kick              ||    10
       Peck              ||     9
       Hand axe          ||    27
 Cast: Foxfire           ||    31
 Stab: Sleeping          ||     2
  Eat: Chunk             ||     4
Armor: Robe              ||    23
Dodge: Dodged            ||    57
